 Dungeon Crawl Stone Soup version 0.22.1-1-ga44c0e5 (webtiles) character file.

2774 Fang the Cleaver (level 9, -4/56 HPs)
             Began as a Gargoyle Berserker on Nov 9, 2018.
             Was an Elder of Trog.
             Slain by DolittleGuy's ghost (16 damage)
             ... on level 6 of the Dungeon.
             The game lasted 00:10:37 (7007 turns).

Fang the Cleaver (Gargoyle Berserker)               Turns: 7007, Time: 00:10:38

Health: -4/56      AC: 12    Str: 26    XL:     9   Next: 70%
Magic:  9/9        EV: 14    Int:  9    God:    Trog [****..]
Gold:   244        SH:  0    Dex:  9    Spells: 8/8 levels left

rFire    . . .     SeeInvis +   d - +0 war axe
rCold    . . .     Gourm    .   (no shield)
rNeg     + . .     Faith    .   b - +1 animal skin
rPois    ∞         Spirit   .   (no helmet)
rElec    +         Reflect  .   q - +2 cloak
rCorr    .         Harm     .   (no gloves)
MR       .....                  (no boots)
Stlth    ++........             k - amulet of the acrobat
HPRegen  0.18/turn              a - ring of see invisible
MPRegen  0.11/turn              u - +3 ring of strength

@: berserk cooldown, slowed, very slow
A: negative energy resistance 1, electricity resistance, unbreathing,
petrification resistance, rot immunity, AC +6
a: Berserk, Trog's Hand, Brothers in Arms, Renounce Religion


You were on level 6 of the Dungeon.
You worshipped Trog.
Trog was greatly pleased with you.
You were near starving.

You visited 2 branches of the dungeon, and saw 8 of its levels.
You also visited: Ossuary.

You collected 244 gold pieces.

Inventory:

Hand Weapons
 d - a +0 war axe (weapon)
Armour
 b - a +1 animal skin (worn)
 q - a +2 cloak (worn)
Jewellery
 a - a ring of see invisible (left hand)
 k - an amulet of the acrobat (around neck)
 r - a +2 ring of protection
 s - an uncursed ring of protection from magic
 u - a +3 ring of strength (right hand)
Wands
 v - a wand of iceblast (8)
 w - a wand of random effects (26)
 x - a wand of disintegration (15)
Scrolls
 f - 4 scrolls of teleportation
 g - a scroll of magic mapping
 i - 3 scrolls of enchant armour
 j - a scroll of identify
 m - 8 scrolls of remove curse
 p - a scroll of fog
Potions
 e - 4 potions of curing {unknown}
 h - a potion of haste
 o - 4 potions of lignification
 t - 3 potions of flight
Comestibles
 c - 5 rations


   Skills:
 + Level 6.8 Fighting
 + Level 9.4 Axes
 + Level 2.2 Armour
 + Level 5.0 Dodging
 + Level 3.5 Stealth


You had 8 spell levels left.
You didn't know any spells.
Your spell library was empty.

Dungeon Overview and Level Annotations

Branches:
Dungeon (7/15)             Temple (1/1) D:6

Altars:
Hepliaklqana
Qazlal
Ru
Trog
Wu Jian
Xom
Zin

Shops:
D:4 =

Annotations:
D:6 DolittleGuy's ghost, novice MiFi


Innate Abilities, Weirdness & Mutations

You are resistant to torment.
Your stone body is resilient. (AC +6)
You are immune to poison.
You resist negative energy. (rN+)
You are resistant to electric shocks. (rElec)
You can survive without breathing.
You are immune to petrification.
You are immune to rotting.


Message History

You are too injured to fight recklessly!
You are too injured to fight recklessly!
You are too injured to fight recklessly!
You are too injured to fight recklessly!
You are too injured to fight recklessly!
You slash DolittleGuy's ghost!
DolittleGuy's ghost is heavily damaged.
You barely miss DolittleGuy's ghost.
DolittleGuy's ghost is heavily damaged.
DolittleGuy's ghost hits you!
* * * LOW HITPOINT WARNING * * *
You barely miss DolittleGuy's ghost.
DolittleGuy's ghost is heavily damaged.
DolittleGuy's ghost barely misses you.
You hit DolittleGuy's ghost but do no damage.
DolittleGuy's ghost is heavily damaged.
You are no longer berserk.
You are exhausted.
You feel yourself slow down. DolittleGuy's ghost hits you!
You die...

#....# ###.#.#.###.### #....#
#.......#.....# #....#
#.......#.#.#.# #....#
#.).....#.#.#.# ######
###)#)#.#.#.#.# #.#.#.#.#.#.# ##
############## #.#.#.#.#.#.. .#
#......(.....####.#.#.#...#.. .#
#...........@..##.#.#.#####.. .#
#......####'W####.#.#........ .#
#......##..≈....#.#.######### .#
#......#≈.⌠.#..##.#.......... ##
#......#.#...§.##.#..........
#......##≈.!..#.#.#.#########
#####......####.#.###.#.#.##.....
...........# ##### #.#...##.###.
..........## #.#........#.


You could see DolittleGuy's ghost.

Vanquished Creatures
  Pikel (D:5)
  Prince Ribbit (D:5)
  Grinder (D:3)
  Eustachio (D:5)
  A sky beast (D:7)
  An ice beast (D:5)
  2 slaves (D:5)
  2 ogres (D:4)
  A centaur (D:6)
  5 elf zombies (Ossuary)
  A scorpion (D:6)
  A howler monkey (D:5)
  A crimson imp (D:5)
  4 centaur zombies
  A quasit (D:5)
  A hound (D:5)
  4 human zombies (Ossuary)
  2 jellies
  An orc priest (D:6)
  Crazy Yiuf (D:2)
  3 orc wizards
  Jessica (D:2)
  An iguana (D:7)
  4 worker ants
  Terence (D:3)
  3 mummies (Ossuary)
  4 adders
  2 shadow imps
  2 oozes
  3 worms
  3 dart slugs
  8 leopard geckos
  17 orcs
  A ball python (D:3)
  6 giant cockroaches
  5 goblins
  8 hobgoblins
  6 jackals
  6 kobolds
  3 quokkas
  10 bats
  4 frilled lizards
  A gnoll zombie (D:4)
  11 rats
146 creatures vanquished.

Vanquished Creatures (others)
  5 dream sheep (D:3)
  4 orcs (D:5)
  A plant (D:2)
10 creatures vanquished.

Grand Total: 156 creatures vanquished

Notes
Turn   | Place    | Note
-------+----------+-------------------------------------------
     0 | D:1      | Fang the Gargoyle Berserker began the quest for the Orb.
     0 | D:1      | Reached XP level 1. HP: 14/14 MP: 1/1
   140 | D:1      | Reached XP level 2. HP: 19/19 MP: 2/2
   181 | D:1      | Reached skill level 3 in Axes
   405 | D:1      | Reached XP level 3. HP: 20/24 MP: 3/3
   898 | D:2      | Reached ** piety under Trog
   916 | D:2      | Found a runed door.
  1081 | D:2      | Found a hazy altar of Hepliaklqana.
  1133 | D:2      | Reached XP level 4. HP: 29/29 MP: 4/4
  1161 | D:2      | Noticed Jessica
  1191 | D:2      | Killed Jessica
  1191 | D:2      | Reached skill level 1 in Stealth
  1909 | D:2      | Noticed Crazy Yiuf
  1915 | D:2      | Killed Crazy Yiuf
  1915 | D:2      | Reached skill level 4 in Axes
  1915 | D:2      | Reached XP level 5. HP: 34/34 MP: 5/5
  2210 | D:3      | Noticed Grinder
  2222 | D:3      | Killed Grinder
  2222 | D:3      | Reached XP level 6. HP: 39/39 MP: 6/6
  2581 | D:3      | Found a sacrificial altar of Ru.
  2595 | D:3      | Reached *** piety under Trog
  2602 | D:3      | Noticed Terence
  2624 | D:3      | Killed Terence
  2781 | D:3      | Reached skill level 5 in Axes
  2784 | D:3      | Reached XP level 7. HP: 39/44 MP: 7/7
  2803 | D:3      | Found a shimmering altar of Xom.
  2803 | D:3      | Noticed a dream sheep
  2803 | D:3      | Noticed a dream sheep
  2803 | D:3      | Noticed a dream sheep
  2803 | D:3      | Noticed a dream sheep
  2803 | D:3      | Noticed a dream sheep
  2808 | D:3      | Killed a dream sheep
  2808 | D:3      | Killed a dream sheep
  2808 | D:3      | Killed a dream sheep
  2808 | D:3      | Killed a dream sheep
  2808 | D:3      | Killed a dream sheep
  2933 | D:3      | Found a bloodstained altar of Trog.
  3013 | D:4      | Found an ornate altar of the Wu Jian Council.
  3029 | D:4      | Found a stormy altar of Qazlal.
  3078 | D:4      | Found a sand-covered staircase.
  3096 | Ossuary  | Entered an ossuary
  3124 | Ossuary  | Reached skill level 5 in Fighting
  3403 | Ossuary  | Reached skill level 6 in Axes
  3408 | Ossuary  | Reached XP level 8. HP: 21/49 MP: 8/8
  3421 | Ossuary  | Reached **** piety under Trog
  3851 | D:4      | Found a glowing silver altar of Zin.
  3897 | D:4      | Reached skill level 7 in Axes
  4406 | D:4      | Found Tuskeptu's Jewellery Boutique.
  4555 | D:5      | Entered Level 5 of the Dungeon
  4557 | D:5      | Noticed Pikel
  4569 | D:5      | Killed Pikel
  4569 | D:5      | Reached skill level 8 in Axes
  4569 | D:5      | Reached XP level 9. HP: 55/55 MP: 9/9
  4655 | D:5      | Noticed Eustachio
  4664 | D:5      | Killed Eustachio
  5167 | D:5      | Noticed Prince Ribbit
  5180 | D:5      | Killed Prince Ribbit
  5397 | D:5      | Reached skill level 9 in Axes
  6178 | D:6      | Found a large runed door.
  6178 | D:6      | Found a large runed door.
  6181 | D:6      | Noticed DolittleGuy's ghost (novice MiFi)
  6336 | D:6      | Found a staircase to the Ecumenical Temple.
  6697 | D:7      | Reached skill level 5 in Dodging
  6937 | Temple   | Entered the Ecumenical Temple
  7007 | D:6      | Slain by DolittleGuy's ghost

Skill      XL: |  1  2  3  4  5  6  7  8  9 |
---------------+----------------------------+-----
Axes           | 3 4 5 6 8 9 |  9.4
Fighting       | 4 5 6 |  6.8
Dodging        | 2 3 4 5 |  5.0
Stealth        | 1 2 3 |  3.5
Armour         | |  2.2

Action                   |  1- 3 |  4- 6 |  7- 9 || total
-------------------------+-------+-------+-------++-------
Melee: Hand axe          |    81 |   226 |    15 ||   322
       War axe           |       |       |   249 ||   249
Invok: Berserk           |       |     2 |     7 ||     9
  Use: Scroll            |       |       |    15 ||    15
 Stab: Sleeping          |     1 |     2 |     5 ||     8
  Eat: Chunk             |     1 |     4 |    15 ||    20
       Ration            |       |     1 |     1 ||     2
Armor: Animal skin       |    21 |    89 |   129 ||   239
Dodge: Dodged            |    57 |   163 |   199 ||   419
